Map: Year Zero LE

Players

Stropheum - Winner!

  • Race: Zerg Zerg
  • League: Master
  • Spawn Location: 11:00

PrimeNelumbo

  • Race: Terran Terran
  • League: Master
  • Spawn Location: 1:00

VOD

Have the link to the VOD?

Description

Time

  • Played on: April 24, 2019, 1:46 a.m.
  • Length: 32:10
Show
View Real Time Build Order
Export as new Build Order

Stropheum Zerg - Winner!

Build Orders: Hatch First 

Get SALT Encoding   

  12  0:00  Drone  
  13  0:13  Overlord  
  13  0:18  Drone  
  14  0:31  Drone x2  
  14  0:35  Drone  
  17  0:54  Hatchery  
  17  0:56  Drone  
  17  1:01  Drone  
  18  1:11  Extractor  
  17  1:16  Spawning Pool  
  16  1:19  Drone  
  16  1:23  Drone  
  18  1:28  Drone  
  19  1:39  Overlord  
  19  2:03  Zergling x4  
  19  2:06  Queen x2  
  19  2:07  Drone  
  26  2:15  Metabolic Boost  
  26  2:17  Drone x2  
  26  2:22  Drone  
  29  2:28  Drone  
  30  2:35  Spine Crawler  
  29  2:47  Queen x2  
  33  2:53  Drone  
  33  2:54  Drone, Overlord  
  36  3:13  Hatchery  
  35  3:28  Drone x2, Overlord  
  35  3:29  Drone x5  
  42  3:35  Overlord  
  42  3:40  Overlord  
  42  3:52  Lair  
  42  3:57  Overlord  
  42  3:58  Drone x6  
  48  4:07  Drone x3  
  51  4:20  Baneling Nest  
  51  4:22  Extractor  
  51  4:23  Zergling x6  
  51  4:24  Extractor  
  51  4:45  Drone x9  
  60  5:04  Baneling x7  
  60  5:06  Evolution Chamber  
  58  5:08  Overlord x2  
  58  5:10  Overseer  
  58  5:26  Drone  
  58  5:27  Drone x6  
  58  5:28  Drone x3  
  68  5:32  Overlord  
  68  5:34  Zerg Ground Armor Level 1  
  68  5:36  Overseer  
  68  5:41  Hatchery  
  67  5:45  Hatchery  
  66  5:51  Drone x9  
  72  6:07  Spore Crawler  
  72  6:08  Spore Crawler  
  72  6:10  Spore Crawler, Queen x2  
  72  6:11  Queen  
  70  6:14  Spore Crawler  
  70  6:15  Spore Crawler x2  
  70  6:17  Spore Crawler  
  65  6:19  Spore Crawler  
  65  6:21  Spore Crawler  
  58  6:34  Drone x7  
  63  6:45  Drone x2  
  65  7:07  Drone x8  
  73  7:16  Centrifical Hooks  
  73  7:17  Evolution Chamber  
  72  7:29  Zerg Missile Weapons Level 1  
  72  7:38  Spore Crawler  
  72  7:39  Drone x3, Spore Crawler  
  72  7:41  Spore Crawler x2  
  72  7:42  Zerg Ground Armor Level 2  
  71  7:54  Drone  
  71  7:55  Drone x2  
  71  7:57  Drone  
  71  7:58  Drone x7  
  81  8:00  Zergling x6, Extractor  
  81  8:01  Zergling x16  
  81  8:02  Extractor  
  91  8:08  Drone x2  
  91  8:09  Hydralisk Den  
  91  8:10  Infestation Pit  
  91  8:13  Spore Crawler  
  91  8:14  Spore Crawler  
  89  8:26  Extractor  
  88  8:27  Spore Crawler, Spine Crawler  
  88  8:28  Spore Crawler, Extractor, Spine Crawler  
  83  8:38  Drone x2  
  83  8:39  Drone x3  
  88  8:42  Grooved Spines  
  88  8:47  Overseer x2  
  88  8:48  Overseer  
  88  8:52  Baneling x8  
  88  8:53  Overlord x5  
  88  9:01  Pneumatized Carapace  
  85  9:33  Pathogen Glands  
  85  9:36  Extractor  
  85  9:38  Drone x3, Spore Crawler  
  87  9:40  Drone x15, Spore Crawler  
  87  9:41  Drone x9  
  109  9:53  Muscular Augments  
  109  9:59  Spore Crawler  
  108  10:03  Spore Crawler  
  108  10:04  Spore Crawler  
  108  10:05  Spore Crawler, Spine Crawler x2  
  108  10:06  Drone x6  
  109  10:10  Zerg Melee Weapons Level 1, Zerg Missile Weapons Level 2  
  109  10:11  Hive  
  109  10:30  Neural Parasite  
  109  10:34  Overlord x4  
  109  10:35  Overlord  
  97  10:54  Drone  
  97  10:55  Drone x5, Spore Crawler x2  
  97  10:56  Spore Crawler  
  97  10:57  Hydralisk x10  
  120  11:17  Hydralisk x8  
  133  11:21  Overlord  
  133  11:22  Overlord x4  
  133  11:33  Overlord x5  
  133  11:35  Burrow  
  133  11:51  Spire  
  132  11:55  Spire  
  132  11:58  Drone x4  
  132  12:00  Spore Crawler  
  134  12:01  Spore Crawler  
  134  12:02  Extractor  
  134  12:03  Hatchery  
  134  12:05  Zergling x22, Extractor  
  134  12:06  Zergling x2  
  142  12:13  Zergling x12  
  148  12:21  Zerg Melee Weapons Level 2  
  148  12:24  Baneling x13  
  148  12:25  Baneling x6  
  148  12:26  Baneling x2  
  148  12:27  Baneling x2  
  148  12:31  Baneling x8  
  148  12:32  Baneling x2  
  148  12:33  Baneling x2  
  148  12:34  Baneling  
  141  12:53  Zergling x2  
  141  12:54  Zergling x28  
  155  13:03  Zerg Ground Armor Level 3  
  129  13:15  Overseer x2  
  129  13:19  Hydralisk x10  
  103  13:20  Hydralisk  
  103  13:22  Baneling x4  
  103  13:23  Baneling x2  
  103  13:25  Hydralisk  
  103  13:27  Hydralisk  
  119  13:29  Overseer x2  
  119  13:33  Infestor x2  
  125  13:44  Hydralisk  
  125  13:45  Hydralisk x4  
  135  13:54  Zergling x18  
  144  14:05  Infestor x5  
  154  14:11  Zerg Flyer Weapons Level 1  
  154  14:16  Greater Spire  
  115  14:39  Hydralisk x4  
  115  14:40  Zergling x2, Hydralisk x6  
  115  14:41  Zergling x22  
  139  14:51  Zergling x2  
  139  14:52  Zergling x12  
  146  14:58  Zergling x4  
  144  15:02  Zerg Missile Weapons Level 3  
  131  15:14  Zergling x20  
  131  15:15  Zergling x10  
  131  15:17  Adrenal Glands  
  143  15:27  Drone x3  
  146  15:34  Zergling x8  
  149  15:40  Zerg Melee Weapons Level 3  
  138  15:45  Zergling x20  
  138  15:47  Zerg Flyer Armor Level 1  
  138  15:49  Zergling x8  
  138  15:54  Overseer x4  
  138  15:55  Overseer  
  120  15:57  Zergling x6  
  121  16:09  Infestor x6  
  126  16:11  Zergling x4  
  126  16:12  Zergling x10  
  126  16:18  Queen x2  
  136  16:36  Hydralisk x6  
  136  16:37  Hydralisk x4  
  156  16:52  Zerg Flyer Weapons Level 2  
  156  16:55  Overlord x3  
  156  17:21  Corruptor x10  
  158  17:40  Hatchery  
  158  17:41  Extractor  
  156  17:49  Zerg Flyer Armor Level 2  
  156  17:59  Brood Lord x5  
  156  18:02  Brood Lord  
  168  18:07  Brood Lord  
  170  18:17  Brood Lord x2  
  174  18:30  Overseer  
  174  18:31  Overseer  
  174  18:40  Brood Lord  
  174  18:41  Drone x8  
  183  18:44  Spore Crawler  
  183  18:58  Spine Crawler  
  183  18:59  Drone x3  
  183  19:00  Spore Crawler  
  183  19:01  Spine Crawler  
  183  19:11  Spore Crawler  
  183  19:12  Spine Crawler x2  
  183  19:13  Drone  
  180  19:54  Hatchery, Spine Crawler  
  180  19:58  Spore Crawler, Spine Crawler  
  180  19:59  Spore Crawler  
  175  20:00  Infestor x4  
  171  20:14  Corruptor  
  171  20:16  Corruptor  
  171  20:20  Drone  
  176  20:22  Drone  
  177  20:54  Spine Crawler  
  177  20:56  Spine Crawler  
  175  21:05  Drone x6  
  175  21:06  Drone x4  
  185  21:19  Overlord x3  
  185  21:31  Corruptor x4  
  148  22:07  Zergling x36  
  148  22:08  Zergling x10  
  152  22:17  Spine Crawler  
  152  22:18  Spine Crawler  
  152  22:19  Brood Lord x2  
  152  22:20  Spine Crawler  
  152  22:22  Spine Crawler  
  152  22:25  Drone x20  
  152  22:29  Brood Lord x2  
  155  22:45  Hatchery  
  154  23:02  Baneling  
  154  23:03  Baneling x11  
  146  23:38  Corruptor x7  
  158  23:51  Overlord x3  
  156  24:10  Hatchery  
  156  24:14  Overseer x2  
  156  24:15  Overseer x2  
  155  24:30  Zergling x2  
  155  24:31  Zergling x32  
  135  24:39  Infestor x4  
  138  24:50  Infestor x5  
  138  24:51  Infestor  
  130  24:57  Zerg Flyer Armor Level 3, Zerg Flyer Weapons Level 3  
  123  25:02  Hatchery  
  123  25:04  Baneling x13  
  122  25:34  Extractor  
  117  25:37  Extractor  
  113  25:50  Drone x7, Spore Crawler  
  113  25:51  Spore Crawler x2  
  113  25:52  Spore Crawler, Hydralisk  
  113  25:53  Hydralisk x7  
  113  25:56  Drone x8  
  132  25:58  Baneling x10  
  132  26:02  Hatchery  
  132  26:06  Brood Lord  
  134  26:15  Spine Crawler  
  134  26:17  Spine Crawler  
  132  26:22  Brood Lord  
  134  26:45  Brood Lord  
  123  27:07  Zergling x2  
  123  27:08  Zergling x42  
  126  27:09  Zergling x2  
  127  27:33  Extractor  
  126  27:40  Brood Lord  
  128  27:45  Extractor  
  115  27:56  Zergling x34  
  115  27:57  Zergling x14  
  131  28:00  Queen x2  
  135  28:11  Infestor x4  
  131  28:21  Zergling x22  
  131  28:22  Zergling x4  
  120  28:50  Zergling x38  
  120  28:52  Infestor  
  131  29:02  Infestor  
  125  29:03  Infestor x2  
  125  29:04  Infestor x5  
  116  29:26  Corruptor x5  
  112  29:49  Corruptor x4  
  120  29:57  Drone x2, Corruptor  
  120  29:58  Corruptor  
  123  30:04  Infestor x2  
  123  30:05  Infestor x9  
  110  30:48  Brood Lord  
  110  30:49  Brood Lord x4  
  120  31:00  Infestor  
  120  31:02  Queen  
  120  31:03  Queen x5  
  134  31:10  Infestor  
  136  31:12  Overseer  
  136  31:27  Corruptor  
  136  31:28  Corruptor x2  
  136  31:31  Queen x2  
Show
View Real Time Build Order
Export as new Build Order

PrimeNelumbo Terran 

Build Orders: Reaper Expand 

Get SALT Encoding   

  12  0:02  SCV  
  13  0:14  SCV  
  13  0:18  Supply Depot  
  14  0:26  SCV  
  15  0:40  SCV  
  15  0:41  Barracks  
  16  0:45  Refinery  
  16  0:52  SCV  
  17  1:04  SCV  
  18  1:16  SCV  
  19  1:28  Reaper  
  19  1:30  Orbital Command  
  20  1:42  Command Center  
  20  1:48  Refinery  
  20  1:56  SCV  
  20  1:59  Supply Depot  
  21  2:03  Barracks Reactor  
  21  2:08  SCV  
  22  2:20  SCV, Factory  
  23  2:32  SCV  
  24  2:41  Marine x2  
  26  2:44  SCV  
  27  2:54  Orbital Command  
  27  2:56  SCV  
  28  2:58  Marine  
  28  2:59  Marine  
  30  3:08  SCV  
  30  3:10  Factory Tech Lab  
  31  3:14  Starport  
  31  3:19  Orbital Command  
  31  3:21  SCV  
  32  3:27  Marine x2  
  32  3:29  Siege Tank  
  32  3:33  SCV  
  38  3:45  SCV  
  39  3:50  Fusion Core, Marine x2  
  39  3:55  SCV  
  42  4:02  SCV  
  43  4:06  Supply Depot  
  43  4:07  SCV  
  44  4:14  SCV  
  45  4:17  Starport Tech Lab  
  45  4:19  SCV  
  46  4:26  Supply Depot  
  46  4:27  SCV  
  46  4:28  Supply Depot  
  47  4:31  SCV  
  48  4:39  SCV  
  48  4:44  SCV  
  50  4:48  Battlecruiser  
  50  4:49  Supply Depot  
  50  4:51  SCV  
  57  4:56  SCV  
  58  5:04  SCV  
  59  5:08  Command Center, SCV  
  59  5:12  Weapon Refit  
  60  5:15  Refinery  
  60  5:16  Supply Depot, SCV, Refinery  
  60  5:20  SCV  
  62  5:27  Barracks  
  62  5:29  SCV, Barracks  
  62  5:33  SCV  
  64  5:39  Supply Depot  
  64  5:42  SCV  
  65  5:44  Supply Depot  
  65  5:46  Supply Depot  
  65  5:47  Stimpack  
  65  5:49  Hellion x2  
  69  5:50  SCV  
  69  5:54  SCV  
  71  6:02  SCV  
  71  6:03  Battlecruiser  
  78  6:06  SCV  
  78  6:07  Supply Depot  
  78  6:09  Supply Depot  
  78  6:14  SCV, Hellion x2  
  83  6:20  Armory  
  83  6:29  Marine x3  
  86  6:45  Hellion x2  
  90  6:47  Marine x2  
  90  6:53  Engineering Bay x2  
  92  6:55  Marine  
  93  7:06  Barracks Reactor x2  
  93  7:11  SCV x2, Barracks  
  93  7:12  Orbital Command  
  93  7:13  Barracks  
  93  7:14  Barracks  
  95  7:22  Starport Reactor  
  95  7:23  SCV x2  
  95  7:27  Barracks  
  97  7:31  Factory Tech Lab  
  97  7:32  Supply Depot  
  97  7:34  Supply Depot  
  97  7:35  Terran Infantry Weapons Level 1, Terran Infantry Armor Level 1, SCV  
  97  7:36  SCV  
  99  7:37  Terran Vehicle And Ship Armor Level 1  
  99  7:40  SCV  
  100  7:48  SCV x2  
  102  7:52  SCV  
  102  7:54  Ghost Academy  
  103  7:58  Marine x3  
  103  7:59  Siege Tank, Marauder  
  103  8:00  SCV x2, Infernal Pre-Igniter  
  103  8:02  Barracks Tech Lab  
  103  8:03  Barracks Tech Lab  
  103  8:05  Medivac x2  
  117  8:12  Marine x2  
  119  8:13  SCV x3  
  119  8:16  Refinery, Marine x2  
  124  8:21  Supply Depot x2  
  124  8:25  SCV  
  125  8:27  Refinery  
  125  8:31  Supply Depot  
  125  8:33  Marauder, Marine x2  
  125  8:34  Command Center, Marauder  
  131  8:37  Medivac  
  131  8:38  Medivac  
  135  8:51  Marauder, Marine x5  
  135  8:52  SCV x2, Marauder  
  146  8:58  Supply Depot x2  
  146  9:00  Supply Depot  
  146  9:04  Combat Shield  
  146  9:12  Marine  
  146  9:13  Marauder, Marine  
  146  9:17  Marine  
  150  9:22  Marine  
  147  9:25  Marine  
  148  9:33  SCV x3  
  148  9:34  Marine x2  
  154  9:40  Personal Cloaking  
  154  9:45  Siege Tank, SCV x2  
  164  9:49  Terran Infantry Weapons Level 2, Terran Infantry Armor Level 2  
  164  9:50  Terran Vehicle And Ship Armor Level 2  
  164  10:06  Marine x5  
  164  10:07  Marine x2  
  169  10:12  Marine, Ghost Academy x2  
  169  10:13  Unknown x3  
  174  10:21  Marine  
  174  10:24  Marine  
  176  10:28  Marine  
  176  10:29  Marine x4  
  185  10:40  Marine  
  185  10:41  Unknown  
  186  10:43  Marine  
  186  10:44  Marine  
  186  10:49  Marine  
  164  10:55  Marine x2  
  164  10:56  Siege Tank  
  167  10:58  Unknown  
  167  10:59  Unknown  
  173  11:04  Marine  
  176  11:18  Marine  
  176  11:19  Marine  
  176  11:24  Supply Depot  
  178  11:26  Unknown x2  
  178  11:27  Unknown  
  178  11:30  Planetary Fortress  
  178  11:32  SCV x3  
  185  11:33  Unknown  
  185  11:43  Marine x3  
  190  11:47  Marine  
  190  11:48  Marauder  
  190  11:49  Refinery x2  
  190  11:54  Marine  
  193  11:55  Unknown x2  
  193  11:57  Marine  
  193  11:59  Nuke  
  199  12:04  Missile Turret  
  199  12:07  Missile Turret, Marine  
  199  12:08  Missile Turret  
  200  12:11  Unknown  
  200  12:23  Unknown  
  200  12:26  Unknown  
  133  13:18  Marine x2  
  131  13:20  Marine x3  
  131  13:21  Marine x3  
  131  13:22  Siege Tank  
  131  13:23  Medivac x2  
  144  13:29  Command Center x2  
  144  13:30  Missile Turret  
  144  13:32  Command Center  
  144  13:33  Missile Turret  
  144  13:34  Nuke x2  
  144  13:36  Command Center, Marine x2  
  144  13:38  Marine x3  
  144  13:41  Marine  
  154  13:47  Marauder x2, Unknown x2  
  158  13:54  Marine x2  
  160  13:57  Starport  
  160  13:58  Starport  
  160  13:59  SCV x2  
  162  14:03  Command Center x2  
  162  14:05  Marine x2  
  162  14:06  Marine  
  162  14:07  Unknown x2  
  162  14:08  Missile Turret x3, Marauder  
  162  14:09  Siege Tank  
  174  14:10  Missile Turret  
  174  14:13  Medivac x2  
  178  14:22  Terran Infantry Weapons Level 3  
  178  14:24  Marine  
  178  14:25  Marine  
  178  14:26  Marauder  
  178  14:30  Marine  
  170  14:36  Unknown x2  
  170  14:37  Marine  
  162  14:45  Marine  
  156  14:49  Marine  
  156  14:50  Siege Tank, Marine  
  156  14:51  Medivac x2  
  165  14:55  Orbital Command  
  165  14:57  Orbital Command  
  165  14:59  Unknown, Marine  
  159  15:04  Unknown  
  159  15:06  Marine x3  
  164  15:07  Marine  
  164  15:11  Marine  
  164  15:14  Unknown  
  154  15:18  Unknown  
  154  15:20  Marine  
  145  15:24  Marine x2  
  145  15:27  Unknown  
  149  15:31  Marine  
  149  15:35  Marauder, Planetary Fortress, Unknown  
  152  15:42  Unknown  
  139  15:46  Marine  
  139  15:48  Unknown, Marine  
  131  15:52  Marine  
  131  15:53  Marine x2  
  131  15:56  Marauder x2, Unknown  
  136  16:11  Unknown  
  120  16:16  Starport Tech Lab x2  
  120  16:17  Marauder x2, Unknown, Terran Ship Weapons Level 1  
  120  16:18  Marauder  
  125  16:20  Planetary Fortress  
  125  16:26  Orbital Command  
  125  16:28  Orbital Command  
  125  16:35  Raven x2  
  125  16:39  Unknown, Marauder  
  137  16:40  Marauder  
  137  16:43  Marine x2  
  139  16:48  Marine  
  140  16:54  Refinery  
  140  16:56  Refinery  
  140  17:01  Marauder  
  144  17:07  Marauder, Unknown x2  
  148  17:14  Missile Turret  
  148  17:15  Missile Turret x2  
  148  17:16  Missile Turret  
  148  17:21  Marine  
  151  17:24  Medivac  
  151  17:27  Medivac  
  151  17:28  Medivac  
  151  17:29  Unknown  
  159  17:35  Unknown  
  159  17:45  Nuke  
  159  17:46  Nuke  
  159  17:50  Unknown  
  159  17:53  Marauder, Marine x3  
  159  17:57  Unknown  
  164  17:59  Concussive Shells  
  164  18:02  Smart Servos  
  164  18:08  Battlecruiser x2  
  176  18:13  Marauder, Marine x2  
  182  18:22  Command Center  
  182  18:28  Command Center  
  182  18:30  Missile Turret  
  184  18:38  Marauder  
  188  18:41  Unknown  
  188  18:44  Marine  
  188  18:45  Marauder  
  188  18:48  Marine  
  192  18:59  Marauder, Marine x2  
  192  19:01  Unknown  
  192  19:02  Marauder, Marine  
  199  19:04  Marine  
  199  19:06  Unknown  
  198  19:49  Unknown  
  198  19:51  Starport  
  194  19:53  Starport x4  
  167  20:17  Marauder, Marine x2  
  167  20:21  Orbital Command  
  173  20:27  Marauder, Marine x4  
  181  20:28  Medivac x2  
  181  20:29  Medivac  
  181  20:35  Marine  
  188  20:39  Marine  
  188  20:40  Marauder  
  191  20:45  Unknown, Marine  
  191  20:46  Marauder  
  191  20:49  Marauder  
  196  20:54  Marine  
  196  20:55  Planetary Fortress, Unknown  
  196  20:56  SCV, Marauder  
  200  21:08  Command Center  
  200  21:09  Command Center, Refinery  
  200  21:12  Refinery  
  200  21:18  Missile Turret  
  200  21:19  Missile Turret  
  200  21:20  Missile Turret  
  199  21:42  Marine  
  200  21:59  Marine  
  200  22:00  Marauder  
  195  22:01  Marauder, Marine  
  185  22:10  Starport Tech Lab x3  
  185  22:11  Starport Tech Lab x2  
  185  22:19  Marine x2  
  185  22:20  Marauder  
  188  22:27  Marine x3  
  188  22:28  Siege Tank, Marauder, Marine x2  
  188  22:29  Unknown, Battlecruiser  
  200  22:36  Nuke x3  
  184  22:38  Terran Ship Weapons Level 2  
  184  22:41  Armory  
  184  22:49  Missile Turret  
  184  22:51  Marauder, Marine x2  
  184  22:52  Missile Turret, Marauder, Marine x5  
  195  22:58  Missile Turret  
  195  23:00  Siege Tank  
  198  23:09  Marauder  
  200  23:19  Marine  
  200  23:20  Marauder  
  200  23:22  Marine  
  200  23:23  Marauder  
  190  23:30  Marauder, Marine  
  181  23:35  Marine  
  181  23:36  Marauder  
  179  23:46  Terran Vehicle And Ship Armor Level 3  
  179  23:47  Battlecruiser x3  
  197  24:00  Orbital Command  
  197  24:13  Marauder, Marine  
  200  24:22  Marauder  
  200  24:23  Marauder  
  200  24:29  Marauder, Marine  
  196  24:32  Marine  
  196  24:34  Marine  
  196  24:35  Marauder, Marine  
  174  24:43  Marauder  
  174  24:44  Marine  
  174  24:45  Marauder  
  160  24:46  Planetary Fortress  
  160  24:48  Marine  
  160  24:50  Marine  
  160  24:51  Marauder  
  160  24:52  Marine  
  143  24:53  Marine x2  
  143  24:56  Marauder  
  140  25:02  Marine  
  140  25:04  Marauder  
  140  25:06  Marauder, Marine  
  146  25:07  Medivac x5  
  146  25:08  Medivac  
  146  25:12  Marauder  
  160  25:16  Missile Turret  
  160  25:17  Marauder  
  162  25:22  Missile Turret  
  162  25:26  Marauder  
  162  25:27  Marauder, Terran Ship Weapons Level 3  
  166  25:29  Marine  
  166  25:33  Marauder  
  166  25:34  SCV  
  170  25:39  Marauder  
  170  25:41  Marine  
  173  25:46  Marine  
  173  25:47  Marauder  
  173  25:49  Marauder, Marine  
  179  25:52  Marine  
  179  25:56  Marine  
  183  25:58  Marine  
  185  26:06  Marine x2  
  185  26:07  Marine  
  185  26:09  Marauder, Marine  
  185  26:10  Marauder  
  193  26:14  Battlecruiser  
  199  26:20  Marine  
  199  26:23  Unknown  
  200  26:28  Unknown  
  200  26:59  Marine  
  200  27:00  Marauder, Marine  
  200  27:01  Marauder, Marine  
  178  27:02  Marauder  
  178  27:03  Marauder, Marine x3  
  175  27:08  Battlecruiser x2  
  175  27:10  Medivac x2  
  154  27:17  Marine  
  154  27:18  Marine  
  154  27:19  Marine  
  154  27:21  Marauder, Marine x3  
  154  27:22  Marauder  
  164  27:23  Marine  
  165  27:35  Command Center  
  165  27:38  Marine  
  165  27:39  Marine  
  165  27:41  Orbital Command  
  165  27:42  Marauder  
  173  27:44  Marauder, Marine x2  
  173  27:47  Orbital Command, Marine  
  172  27:54  Marine  
  172  27:56  Marine x2  
  163  28:01  Medivac  
  163  28:02  Marine x2  
  163  28:04  Marauder, Marine  
  169  28:06  Marauder  
  169  28:07  Marauder, Unknown  
  169  28:09  Unknown  
  169  28:11  Marauder  
  169  28:12  Marine  
  175  28:15  Marine  
  175  28:19  Marine  
  173  28:20  Marine  
  173  28:23  Marine  
  173  28:24  Marine  
  173  28:25  Marauder  
  165  28:27  Marauder  
  165  28:28  Marauder  
  165  28:30  Marine  
  165  28:33  Marauder  
  153  28:37  Medivac x2  
  153  28:39  Marine  
  153  28:41  Marine  
  156  28:45  Marine  
  156  28:47  Marauder  
  145  28:49  Marauder  
  145  28:50  Marauder  
  145  28:54  Marauder  
  121  29:05  Marine x2  
  121  29:06  Marine x3  
  121  29:08  Marauder  
  120  29:10  Marauder  
  120  29:13  Marauder, Marine  
  123  29:25  Marine x2  
  123  29:26  Marauder, Marine x2  
  128  29:32  Marine  
  128  29:33  Marine  
  128  29:36  Marine  
  128  29:37  Marine  
  114  29:59  Marine x2  
  118  30:04  Marine  
  116  30:07  Viking  
  116  30:15  Marine  
  116  30:16  Marine  
  113  30:22  Marine  
  82  31:06  Medivac  
  84  31:37  Marine  
  84  31:38  Marauder  
Tags
 
Add a new tag
Caveats
  • Supply blocks, unpowered buildings, or Contaminate may cause inaccurate times.
  • Supply counts are checked every 10 seconds.